 Dungeon Crawl Stone Soup version 0.19-a0-1672-g679cadd (webtiles) character file.

436 st0uf the Changer (level 6, -7/47 HPs)
             Began as a Draconian Transmuter on Sept 22, 2016.
             Was an Initiate of Okawaru.
             Killed from afar by Blork the orc (8 damage)
             ... with a puff of flame
             ... on level 4 of the Dungeon.
             The game lasted 00:22:28 (4345 turns).

st0uf the Changer (Draconian Transmuter)            Turns: 4345, Time: 00:22:29

Health: -7/47      AC:  2    Str: 17    XL:     6   Next: 69%
Magic:  3/9        EV: 19    Int: 16    God:    Okawaru [......]
Gold:   90         SH:  0    Dex: 16    Spells: 3 memorised, 3 levels left

rFire  . . .     SeeInvis .       - Unarmed
rCold  . . .     Gourm    .     (armour unavailable)
rNeg   . . .     Faith    .     (shield currently unavailable)
rPois  x         Spirit   .     (helmet currently unavailable)
rElec  .         Dismiss  .     (cloak currently unavailable)
rCorr  .         Reflect  .     (gloves currently unavailable)
MR     +....     Harm     .     (boots currently unavailable)
Stlth  +.........               (no amulet)
                                (no ring)
                                o - ring of protection from magic

@: mighty, spider-form (expiring), very slightly contaminated
A: unfitting armour, (cold-blooded), AC +6
a: End Transformation, Renounce Religion


You were on level 4 of the Dungeon.
You worshipped Okawaru.
Okawaru was noncommittal.
You were not hungry.
You were a venomous arachnid creature.
You visited 2 branches of the dungeon, and saw 5 of its levels.

You collected 90 gold pieces.

Inventory:

Missiles
 a - 11 arrows
Armour
 i - a +0 cloak (melded)
 m - a +0 pair of gloves (melded)
Jewellery
 o - a ring of protection from magic (left front leg)
Wands
 k - a wand of random effects (37/48)
Scrolls
 d - a scroll of amnesia
 l - a scroll of identify
Potions
 e - a potion of flight
 g - a potion of agility
 j - a potion of haste {unknown}
 n - a potion of degeneration {unknown}
 q - a potion of mutation {unknown}
Books
 b - a book of Changes

   Spells                             Type                      Level
   a - Beastly Appendage              Transmutation                1
   b - Sticks to Snakes               Transmutation                2
   c - Spider Form                    Transmutation/Poison         3
   d - Ice Form                       Ice/Transmutation            4
   e - Blade Hands                    Transmutation                5
Comestibles
 c - a bread ration
 f - 2 chunks of flesh
 p - a beef jerky


   Skills:
 - Level 1.1 Fighting
 - Level 1.7 Dodging
 - Level 3.0 Unarmed Combat
 - Level 2.0 Spellcasting
 + Level 7.3 Transmutations


You had 3 spell levels left.
You knew the following spells:

 Your Spells              Type           Power        Failure   Level  Hunger
a - Beastly Appendage     Tmut           ###...       6%          1    #......
b - Sticks to Snakes      Tmut           ###.....     6%          2    ###....
c - Spider Form           Tmut/Pois      ##........   32%         3    ###....


Dungeon Overview and Level Annotations

Branches:
Dungeon (4/15)             Temple (1/1) D:4

Altars:
Ashenzari
Cheibriados
Elyvilon
Fedhas
Gozag
Hepliaklqana
Makhleb
Okawaru
Qazlal
Ru
Vehumet
Xom

Annotations:
D:4 Blork the orc; ThereIsNoGod's ghost, amateur MiGl


Innate Abilities, Weirdness & Mutations

((Your plain brown scales are hard. (AC +6)))
Your body does not fit into most forms of armour.
((You are cold-blooded and may be slowed by cold attacks.))


Message History

The magic dart hits you!
* * * LOW HITPOINT WARNING * * *
The orc wizard closely misses you.
You bite Blork the orc!
Blork the orc is heavily wounded.
Blork the orc completely misses you. The orc wizard hits you with a dagger.
* * * LOW HITPOINT WARNING * * *
Unknown command.
You bite Blork the orc!
Blork the orc is poisoned.
Blork the orc is almost dead.
The orc wizard mumbles some strange words.
The orc wizard blinks!
Blork the orc barely misses you.
The jackal pauses to sniff the ground.
The orc wizard casts a spell.
The orc wizard mumbles some strange words.
Blork the orc mumbles some strange words.
Blork the orc screams, "I'll make a cloak from your skin!"
Blork the orc gestures at you while chanting.
The puff of flame hits you!
You die...

#.# #.# #)# #.# #)# #h#
## ##÷## #h##
.####...######## #..#
...............#######.#
#####...###o.....oh.ho##
##..# ######§#####o#
##.# #s# ... #.# #.#
..... #.# #<# .o..... #
#.# #.# #..(..# . .. #.#
.....# . #.# ...... #..
###


You could see Blork the orc.

Vanquished Creatures
  A bullfrog (D:3)
  3 orc priests
  3 orc wizards (D:4)
  Natasha (D:4)
  A howler monkey skeleton (D:4)
  An adder (D:2)
  An ooze (D:2)
  A worm (D:2)
  An adder skeleton (D:3)
  3 dart slugs
  6 leopard geckos
  18 orcs
  A ball python (D:2)
  4 giant cockroaches
  5 goblins (D:1)
  5 hobgoblins
  8 jackals
  2 quokkas
  5 bats
  5 frilled lizards
  8 kobolds
  4 rats
87 creatures vanquished.

Vanquished Creatures (collateral kills)
  An orc priest (D:2)
  An orc wizard (D:2)
  An adder (D:3)
  A worm (D:3)
  A leopard gecko (D:2)
  8 orcs
  A giant cockroach (D:3)
  A goblin (D:2)
  A rat (D:3)
  2 butterflies (D:2)
18 creatures vanquished.

Grand Total: 105 creatures vanquished

Notes
Turn   | Place    | Note
-------+----------+-------------------------------------------
     0 | D:1      | st0uf the Draconian Transmuter began the quest for the Orb.
     0 | D:1      | Reached XP level 1. HP: 16/16 MP: 3/3
   156 | D:1      | Reached XP level 2. HP: 16/23 MP: 3/5
   476 | D:1      | Reached skill level 3 in Transmutations
   477 | D:1      | Found a shattered altar of Ashenzari.
   778 | D:1      | Learned a level 2 spell: Sticks to Snakes
  1366 | D:2      | Reached XP level 3. HP: 23/28 MP: 4/6
  1371 | D:2      | Learned a level 3 spell: Spider Form
  1488 | D:2      | Found a shimmering altar of Xom.
  1850 | D:2      | Reached skill level 4 in Transmutations
  1940 | D:3      | Found a hazy altar of Hepliaklqana.
  2300 | D:2      | Reached XP level 4. HP: 14/35 MP: 5/7
  2656 | D:2      | Reached skill level 5 in Transmutations
  3070 | D:2      | Reached XP level 5. HP: 30/40 MP: 4/8
  3770 | D:3      | Reached skill level 6 in Transmutations
  3907 | D:4      | Noticed ThereIsNoGod's ghost (amateur MiGl)
  3985 | D:4      | Reached XP level 6. HP: 47/47 MP: 7/9
  4170 | D:4      | Found a staircase to the Ecumenical Temple.
  4189 | Temple   | Entered the Ecumenical Temple
  4216 | Temple   | Became a worshipper of Warmaster Okawaru
  4272 | D:4      | Reached skill level 7 in Transmutations
  4305 | D:4      | Noticed Natasha
  4311 | D:4      | Killed Natasha
  4322 | D:4      | Noticed Blork the orc
  4342 | D:4      | HP: 1/47 [orc wizard/dagger (2)]
  4345 | D:4      | Killed from afar by Blork the orc

Vault maps used:
D:1:      tarquinn_simple_flora_water_d, evilmike_ruin_ashenzari
D:2:      xom_butterflies, minmay_misc_feat_ornament, minmay_misc_feat_hallway
D:3:      lemuel_crystal_altar
D:4:      first_bread, uniq_eustachio, uniq_natasha, uniq_blork_the_orc
Temple:   compressed_dpeg_circular_temple

Skill      XL: |  1  2  3  4  5  6 |
---------------+-------------------+-----
Transmutations | 3 4 5 6 7 |  7.3
Fighting       | |  1.1
Dodging        | |  1.7
Unarmed Combat | |  3.0
Spellcasting   | |  2.0

Action                   |  1- 3 |  4- 6 || total
-------------------------+-------+-------++-------
Melee: Unarmed           |   265 |   261 ||   526
       Kick              |    29 |    12 ||    41
       Punch             |     3 |       ||     3
       Tailslap          |    16 |    22 ||    38
       Headbutt          |     6 |     4 ||    10
 Cast: Beastly Appendage |    34 |    22 ||    56
       Sticks to Snakes  |     4 |    15 ||    19
       Spider Form       |       |     7 ||     7
  Use: Scroll            |     3 |     2 ||     5
       Potion            |       |     1 ||     1
  Eat: Chunk             |     6 |     9 ||    15
Armor: Skin              |    68 |    84 ||   152
Dodge: Dodged            |   188 |   176 ||   364
